 Dungeon Crawl Stone Soup version 0.28-a0-425-gd0eccab798 (webtiles) character file.

Game seed: 18355335662742664653

2014 frimble the Covert (level 9, -5/58 HPs)
             Began as an Octopode Warper on Sept 10, 2021.
             Was a Follower of Cheibriados.
             Slain by a wyvern (20 damage)
             ... on level 8 of the Dungeon.
             The game lasted 00:12:24 (6663 turns).

frimble the Covert (Octopode Warper)                Turns: 6663, Time: 00:12:25

Health: -5/58      AC:  1    Str: 12      XL:     9   Next: 22%
Magic:  7/12       EV: 13    Int: 18 (20) God:    Cheibriados [*.....]
Gold:   312        SH:  0    Dex: 12 (14) Spells: 9/12 levels left

rFire   + . .      SeeInvis .   a - +2 dagger of the Slime-mould {venom, rF+ rC+}
rCold   + . .      Faith    .   (no shield)
rNeg    . . .      Spirit   .   (helmet restricted)
rPois   .          Reflect  .   d - amulet of regeneration
rElec   .          Harm     .   (no ring)
rCorr   .          Rampage  .   (no ring)
Will    .....                   (no ring)
Stlth   +++++.....              (no ring)
HPRegen 1.19/turn               (no ring)
MPRegen 0.13/turn               (no ring)
                                (no ring)
                                (no ring)

@: about to teleport, very slightly contaminated, very slow
A: almost no armour, amphibious, 8 rings, camouflage 1, gelatinous body 1,
(nimble swimmer 1), tentacles
a: Renounce Religion, Bend Time


You were on level 8 of the Dungeon.
You worshipped Cheibriados.
Cheibriados was aware of your devotion.
You visited 2 branches of the dungeon, and saw 9 of its levels.

You collected 312 gold pieces.

Inventory:

Hand Weapons
 a - the +2 dagger of the Slime-mould (weapon) {venom, rF+ rC+}
   (You found it on level 6 of the Dungeon)

   It poisons the flesh of those it strikes.
   rF:        It protects you from fire.
   rC:        It protects you from cold.
 b - a +3 falchion
Missiles
 c - 4 boomerangs of dispersal (quivered)
 g - 2 javelins
 n - 10 boomerangs
 o - a throwing net
Jewellery
 d - an amulet of regeneration (around mantle)
Wands
 p - a wand of mindburst (5)
 s - a wand of polymorph (7)
Scrolls
 e - a scroll of vulnerability
 l - 2 scrolls of enchant weapon
 m - 4 scrolls of teleportation
 q - a scroll of magic mapping
 u - a scroll of silence
Potions
 f - a potion of attraction
 h - 3 potions of flight
 i - a potion of resistance
 j - 2 potions of degeneration
 k - a potion of might
 r - a potion of haste {unknown}


   Skills:
 - Level 4.0 Fighting
 + Level 6.0(6.1) Short Blades
 - Level 2.0(4.3) Long Blades
 - Level 1.0 Throwing
 - Level 2.3 Dodging
 + Level 8.7 Stealth
 - Level 2.0 Spellcasting
 - Level 3.6 Conjurations
 - Level 3.5 Translocations
 + Level 4.7 Fire Magic
 + Level 2.4 Evocations


You had 9 spell levels left.
You knew the following spells:

 Your Spells              Type           Power      Damage    Failure   Level
a - Blink                 Tloc           N/A        N/A       6%          2
b - Foxfire               Conj/Fire      64%        2x1d7     3%          1

Your spell library contained the following spells:

 Spells                   Type           Power      Damage    Failure   Level
 Conjure Flame            Conj/Fire      16%        6-21      10%         3
 Gell's Gravitas          Tloc           7%         N/A       13%         3
 Lesser Beckoning         Tloc           14%        N/A       13%         3
 Teleport Other           Tloc           14%        N/A       13%         3
 Sting                    Tmut/Pois      4%         1d3       19%         1
 Inner Flame              Hex/Fire       10%        N/A       21%         3
 Poisonous Vapours        Pois/Air       2%         N/A       26%         2
 Flame Wave               Conj/Fire      16%        3d5       32%         4
 Manifold Assault         Tloc           14%        N/A       75%         5
 Olgreb's Toxic Radiance  Pois           1%         N/A       87%         4


Dungeon Overview and Level Annotations

Branches:
Dungeon (8/15)             Temple (1/1) D:5
   Lair: D:8-11

Altars:
Ashenzari
Cheibriados
Dithmenos
Hepliaklqana
Kikubaaqudgha
Makhleb
Qazlal
Sif Muna
Uskayaw
Vehumet
Xom
The Shining One

Shops:
D:5 :

Annotations:
D:6 exclusion: troll, Menkaure
D:7 digg, Pikel


Innate Abilities, Weirdness & Mutations

You cannot wear most types of armour.
You are amphibious.
You can wear up to eight rings at the same time.
Your skin changes colour to match your surroundings (Stealth+).
Your rubbery body absorbs attacks. (AC +1, EV +1)
((You are camouflaged near water. (Stealth+)))
You have tentacles for arms and can constrict up to eight enemies at once.


Message History

Confirm with . or Enter, or press ? or * to list all spells.
You conjure some foxfire!
The foxfire hits the wyvern.
The wyvern is moderately wounded.
The foxfire hits the wyvern.
The wyvern is moderately wounded.
The centaur wields a +0 shortbow.
The centaur shoots an arrow.
The arrow barely misses you. The wyvern bites you!
An electric eel comes into view.
The wyvern closely misses you.
The centaur shoots an arrow.
The arrow hits you!
Casting: Foxfire (safe; 3% risk of failure)
Confirm with . or Enter, or press ? or * to list all spells.
You miscast Foxfire.
You are very lightly contaminated with residual magic.
Nothing appears to happen.
The foxfire hits the wyvern but does no damage.
The wyvern is moderately wounded.
The foxfire hits the wyvern.
The wyvern is moderately wounded.
The wyvern barely misses you.
Aiming: Mindburst
Press: ? - help, Shift-Dir - straight line, f - centaur
Aim: a centaur, wielding a +0 shortbow and quivering arrows (heavily wounded, chance to affect: 75%)
The centaur struggles to resist.
The wyvern closely misses you. The wyvern bites you!
Okay, then.
Unknown command.
As you read the scroll of teleportation, it crumbles to dust.
You feel strangely unstable.
The centaur shoots an arrow.
The arrow hits you!
* * * LOW HITPOINT WARNING * * *
The wyvern bites you.
* * * LOW HITPOINT WARNING * * *
The centaur shoots an arrow.
The arrow hits you!
* * * LOW HITPOINT WARNING * * *
You feel better. The wyvern misses you. The wyvern bites you.
* * * LOW HITPOINT WARNING * * *
The centaur unwields a +0 shortbow.
The centaur hits you.
* * * LOW HITPOINT WARNING * * *
The centaur completely misses you. The wyvern bites you!!
You die...

#.#.# #.###.## ###.
#.#.###.##...###..[
#.#........#)....## #
#.#.###....#.....#
#.####.#.###..#####...#
♣...............#)....#
♣♣♣#........#...#.##..#
♣...c....###....###..(
♣...l@...# ##)........
≈≈≈;♣.......#
#[######...
≈♣≈≈♣.....##.#.# #
≈≈♣≈≈....## ..#
≈≈≈P≈....# #.##
≈≈≈P♣≈##...... ≈≈≈≈≈♣
#####.# ≈≈≈≈♣ .#


You could see a wyvern, a centaur and an electric eel.

Vanquished Creatures
  Sigmund (D:2)
  A wyvern (D:6)
  A water moccasin (D:5)
  An ice beast (D:6)
  2 ogres
  2 centaurs (D:8)
  2 lemures (D:7)
  A kobold brigand (D:8)
  A bullfrog (D:7)
  A gnoll sergeant (D:7)
  3 scorpions
  2 jellies (D:3)
  A wyvern skeleton (D:7)
  A wight (D:7)
  A howler monkey (D:5)
  A centaur zombie (D:8)
  A bullfrog zombie (D:5)
  A hound (D:7)
  2 orc priests
  A gnoll shaman (D:7)
  An iguana (D:5)
  Terence (D:2)
  2 orc wizards
  A killer bee zombie (D:8)
  A howler monkey zombie (D:7)
  3 adders
  7 gnolls
  A shadow imp (D:6)
  2 white imps
  2 adder skeletons (D:4)
  A worm (D:3)
  5 dart slugs
  8 orcs
  5 bats
  4 endoplasms
  5 giant cockroaches
  5 goblins
  3 hobgoblins
  12 jackals
  3 quokkas
  3 ball pythons
  4 frilled lizards
  8 kobolds
  3 rats
117 creatures vanquished.

Vanquished Creatures (collateral kills)
  A water moccasin zombie (D:6)
  2 gnolls (D:7)
3 creatures vanquished.

Vanquished Creatures (others)
  2 gnolls (D:7)
  103 foxfires
  18 plants (D:8)
123 creatures vanquished.

Grand Total: 243 creatures vanquished

Notes
Turn   | Place    | Note
-------+----------+-------------------------------------------
     0 | D:1      | frimble the Octopode Warper began the quest for the Orb.
     0 | D:1      | Reached XP level 1. HP: 14/14 MP: 3/3
    68 | D:1      | Reached skill level 1 in Stealth
   168 | D:1      | Reached XP level 2. HP: 19/19 MP: 5/5
   703 | D:1      | Reached skill level 2 in Stealth
   703 | D:1      | Reached XP level 3. HP: 25/25 MP: 6/6
  1165 | D:2      | Noticed Sigmund
  1426 | D:3      | Reached XP level 4. HP: 25/30 MP: 7/7
  1534 | D:3      | Learned a level 2 spell: Blink
  1560 | D:3      | Found a shimmering altar of Xom.
  1560 | D:3      | Found a burning altar of Makhleb.
  1567 | D:3      | Found a shadowy altar of Dithmenos.
  1570 | D:3      | Found a glowing golden altar of the Shining One.
  2020 | D:4      | Reached skill level 3 in Stealth
  2434 | D:3      | Reached XP level 5. HP: 28/36 MP: 8/8
  2469 | D:3      | Found a hazy altar of Hepliaklqana.
  2524 | D:2      | Killed Sigmund
  2525 | D:2      | Reached skill level 4 in Stealth
  2525 | D:2      | Reached XP level 6. HP: 25/43 MP: 9/9
  2529 | D:2      | Learned a level 1 spell: Foxfire
  2715 | D:2      | Noticed Terence
  2737 | D:2      | Killed Terence
  3076 | D:3      | Reached skill level 5 in Stealth
  3151 | D:3      | Reached skill level 1 in Fire Magic
  3451 | D:4      | Reached XP level 7. HP: 31/48 MP: 2/10
  3806 | D:5      | Entered Level 5 of the Dungeon
  3917 | D:5      | Reached skill level 1 in Conjurations
  4094 | D:5      | Found Tirghoach's Book Shoppe.
  4166 | D:5      | Reached skill level 6 in Stealth
  4240 | D:5      | Reached skill level 1 in Long Blades
  4404 | D:5      | Found a staircase to the Ecumenical Temple.
  4433 | D:5      | Reached XP level 8. HP: 54/54 MP: 11/11
  4667 | Temple   | Entered the Ecumenical Temple
  4680 | Temple   | Became a worshipper of Cheibriados the Contemplative
  4865 | D:6      | Reached skill level 7 in Stealth
  4868 | D:6      | Identified the +2 dagger of the Slime-mould {venom, rF+
                  | rC+}
  5185 | D:6      | Reached skill level 5 in Short Blades
  5296 | D:6      | Noticed a wyvern
  5306 | D:6      | Killed a wyvern
  5393 | D:6      | Noticed Menkaure
  5393 | D:6      | Noticed a troll
  5918 | D:7      | Reached skill level 8 in Stealth
  5918 | D:7      | Reached * piety under Cheibriados
  5919 | D:7      | Reached skill level 1 in Evocations
  6009 | D:7      | Found a radiant altar of Vehumet.
  6169 | D:7      | Reached XP level 9. HP: 58/58 MP: 12/12
  6266 | D:7      | Noticed Pikel
  6411 | D:8      | Found an ancient bone altar of Kikubaaqudgha.
  6411 | D:8      | Found a stormy altar of Qazlal.
  6663 | D:8      | Slain by a wyvern

Illustrated notes

Levels and vault maps discovered:
D:1:      lemuel_arrival_room, layout_loops_ring
D:2:      layout_basic, uniq_terence, uniq_sigmund
D:3:      layout_loops_ring, chequers_temple_overflow_minitemple
D:4:      layout_gridville
D:5:      layout_basic, minmay_temple_entry_proselytizer, serial_shops,
          nicolae_diamond_shop
D:6:      layout_loops_corners, uniq_menkaure
D:7:      layout_basic, nicolae_vehumet_radiance, nemelex_diamond_rough_becter,
          serial_glass, glass_columns_b, glass_columns_b,
          minmay_strange_pillars, item_on_display_a, item_on_display_a,
          due_unseen_surprise, uniq_pikel
D:8:      layout_loops_ring, general_overflow_altar, jmf_multi_god_temple,
          serial_bayou_lake_a
Temple:   nicolae_temple_hex_pool

Skill      XL: |  1  2  3  4  5  6  7  8  9 |
---------------+----------------------------+-----
Stealth        | 1 2 3 4 5 6 8 |  8.7
Short Blades   | 3 4 5 6 |  6.0
Fighting       | 3 4 |  4.0
Fire Magic     | 1 2 4 |  4.7
Conjurations   | 2 3 |  3.6
Long Blades    | 1 2 |  2.0
Evocations     | 1 2 |  2.4
Throwing       | |  1.0
Dodging        | |  2.3
Spellcasting   | |  2.0
Translocations | |  3.5

Action                   |  1- 3 |  4- 6 |  7- 9 || total
-------------------------+-------+-------+-------++-------
Melee: Short sword       |    84 |    81 |    48 ||   213
       Constrict         |    16 |    17 |    26 ||    59
       Tentacles         |    13 |    11 |    33 ||    57
       Falchion          |       |       |    21 ||    21
       Dagger            |       |       |    86 ||    86
Throw: Boomerang         |       |       |     1 ||     1
 Cast: Foxfire           |       |    19 |    39 ||    58
       Blink             |       |     1 |     7 ||     8
Evoke: Wand              |       |       |    12 ||    12
  Use: Scroll            |     6 |     4 |     9 ||    19
       Potion            |       |     1 |     3 ||     4
 Stab: Sleeping          |    10 |     4 |    11 ||    25
Armor: Skin              |    13 |     3 |     3 ||    19
Dodge: Dodged            |    46 |    45 |    83 ||   174

Table legend: (Time is in decaauts)
 A = Elapsed time spent in this place.
 B = Non-inter-level travel time spent in this place.
 C = Inter-level travel time spent in this place.
 D = Time resting spent in this place.
 E = Time spent auto-exploring this place.
 F = Levels seen in this place.
 G = Mean time per level.
                   A        B        C        D        E       F      G
               +--------+--------+--------+--------+--------+-----+--------+
         Total |   7118 |   6528 |    590 |    207 |   5052 |   9 |  790.9 |
       Dungeon |   7088 |   6521 |    567 |    207 |   5049 |   8 |  886.0 |
        Temple |     29 |      6 |     23 |      0 |      3 |   1 |   29.0 |
               +--------+--------+--------+--------+--------+-----+--------+

Top non-repeatable levels by time:
     D:4: 1176 daAuts
     D:6: 1165 daAuts
     D:3: 979 daAuts
     D:5: 909 daAuts
     D:1: 892 daAuts
     D:7: 869 daAuts
     D:2: 751 daAuts
     D:8: 343 daAuts
  Temple: 29 daAuts
